 Dungeon Crawl Stone Soup version 0.25.0-9-g26727b657a (webtiles) character file.

Game seed: 10426952598240608852

114 po7itron the Skirmisher (level 4, -3/41 HPs)
             Began as a Minotaur Fighter on June 21, 2020.
             Was an Initiate of Trog.
             Slain by Grinder (4 damage)
             ... on level 4 of the Dungeon.
             The game lasted 00:04:44 (3345 turns).

po7itron the Skirmisher (Minotaur Fighter)          Turns: 3345, Time: 00:04:45

Health: -3/41      AC:  7    Str: 21    XL:     4   Next: 67%
Magic:  3/3        EV:  8    Int: 11    God:    Trog [......]
Gold:   123        SH: 10    Dex: 10    Spells: 3/3 levels left

rFire    + + .     SeeInvis .   a - +0 long sword
rCold    . . .     Gourm    .   c - +1 kite shield
rNeg     . . .     Faith    .   b - +0 scale mail
rPois    .         Spirit   .   (helmet restricted)
rElec    .         Reflect  .   r - scarf {rC+ rF+}
rCorr    .         Harm     .   (no gloves)
MR       .....                  (no boots)
Stlth    ..........             (no amulet)
HPRegen  0.13/turn              j - +6 ring of intelligence
MPRegen  0.08/turn              u - ring of fire

@: lethally poisoned (-3 -> -5)
A: retaliatory headbutt, horns 2
a: Renounce Religion


You were on level 4 of the Dungeon.
You worshipped Trog.
Trog was noncommittal.
You were not hungry.

You visited 1 branch of the dungeon, and saw 4 of its levels.

You collected 123 gold pieces.

Inventory:

Hand Weapons
 a - a +0 long sword (weapon)
Armour
 b - a +0 scale mail (worn)
 c - a +1 kite shield (worn)
 r - a scarf of resistance (worn)
Jewellery
 j - a +6 ring of intelligence (left hand)
 u - a ring of fire (right hand)
Wands
 h - a wand of random effects (15)
 t - a wand of digging (7)
Scrolls
 e - 4 scrolls of identify
 g - 5 scrolls of teleportation
 i - 3 scrolls of enchant armour
 k - a scroll of fog {unknown}
 p - 2 scrolls of remove curse
Potions
 d - 2 potions of might
 l - 2 potions of flight
 m - a potion of resistance
Comestibles
 f - 7 rations
 o - a chunk of flesh


   Skills:
 + Level 4.7 Fighting
 + Level 3.9 Long Blades
 - Level 4.0 Armour
 - Level 2.0 Dodging
 - Level 4.0 Shields


You had 3 spell levels left.
You didn't know any spells.
Your spell library was empty.

Dungeon Overview and Level Annotations

Branches:
Dungeon (4/15)
 Temple: D:4-7

Altars:
Cheibriados
Dithmenos
Fedhas
Trog
Zin

Annotations:
D:4 Grinder, Natasha


Innate Abilities, Weirdness & Mutations

You reflexively headbutt those who attack you in melee.
You have a pair of horns on your head.


Message History

The ogre barely misses you. You furiously retaliate!
You headbutt the ogre.
You riposte.
You hit the ogre. You headbutt the ogre.
The ogre is heavily wounded.
The adder closely misses you. You furiously retaliate!
You headbutt the adder, but do no damage.
The shadow imp hits you but does no damage.
The adder bites you but does no damage.
The crimson imp blinks!
Natasha howls an incantation.
Natasha shimmers violently.
The adder bites you.
You are poisoned.
The adder poisons you!
The crimson imp blinks!
The ogre hits you with a +0 giant spiked club!!
You feel sick. The adder bites you. Natasha claws you.
* * * LOW HITPOINT WARNING * * *
You feel yourself speed up.
You feel sick. The adder barely misses you. Grinder hits you!
* * * LOW HITPOINT WARNING * * *
You writhe in agony.
You die...

.....###.........#.##.#.....##.##
.######..........####....##....##
..###.#...........###........#.#.
..#.................#.......##...
................#.........###....
...........................###...
....##..#...................#..##
....#####........5...............
.....# ##......@S5.....%........
##...#***#.......O.5.............
##...,,,......#.h...............
***#...,,###...#...##.....##.....
,,*,..,,***###,###.####...##.....
,,,,,,,,,**,,,,**..# #...........
#*,,,,*,,,*,,,,*...####..........
,,,,,,**,,**,,,.........#.#......
,,,*,,,,,,,,,*,,,,,.....###.5....


You could see Grinder, an ogre, Natasha, a crimson imp (summoned), an adder and
a shadow imp (summoned).

Vanquished Creatures
  Natasha (D:4)
  3 adders
  An ooze (D:2)
  A worm (D:3)
  A dart slug (D:2)
  2 leopard geckos
  5 orcs (D:3)
  4 bats
  3 giant cockroaches
  5 hobgoblins
  3 quokkas (D:2)
  A ball python (D:2)
  3 frilled lizards
  4 goblins
  6 kobolds
  6 rats
49 creatures vanquished.

Notes
Turn   | Place    | Note
-------+----------+-------------------------------------------
     0 | D:1      | po7itron the Minotaur Fighter began the quest for the Orb.
     0 | D:1      | Reached XP level 1. HP: 19/19 MP: 0/0
   743 | D:1      | Reached XP level 2. HP: 26/27 MP: 1/1
  1031 | D:2      | Found a snail-covered altar of Cheibriados.
  1151 | D:2      | Found a shadowy altar of Dithmenos.
  1256 | D:2      | Reached skill level 1 in Dodging
  1308 | D:2      | Reached XP level 3. HP: 30/33 MP: 2/2
  2348 | D:3      | Reached XP level 4. HP: 38/41 MP: 3/3
  2854 | D:3      | Found a bloodstained altar of Trog.
  2854 | D:3      | Found a glowing silver altar of Zin.
  2879 | D:3      | Became a worshipper of Trog the Wrathful
  3127 | D:4      | Noticed Natasha
  3133 | D:4      | Killed Natasha
  3243 | D:4      | Found a blossoming altar of Fedhas.
  3322 | D:4      | Noticed an ogre
  3323 | D:4      | Noticed Grinder
  3328 | D:4      | Noticed Natasha
  3345 | D:4      | HP: 1/41 [Grinder (8)]
  3345 | D:4      | Slain by Grinder

Illustrated notes

Levels and vault maps discovered:
D:1:      lemuel_arrival_funnel, layout_basic
D:2:      layout_loops_corners, nicolae_dithmenos_shadow_blocks,
          kennysheep_slug_shrine, chequers_serial_rivers_micro_a
D:3:      layout_basic, amethyst_overflow_temple_binary
D:4:      layout_cave_pools, fedhas_altar_4, first_ration, uniq_natasha,
          uniq_crazy_yiuf_cottage, uniq_grinder

Skill      XL: |  1  2  3  4 |
---------------+-------------+-----
Dodging        | 1 2 |  2.0
Fighting       | 4 |  4.7
Armour         | 4 |  4.0
Shields        | 4 |  4.0
Long Blades    | 3 |  3.9

Action                   |  1- 3 |  4- 6 || total
-------------------------+-------+-------++-------
Melee: Long sword        |    73 |    34 ||   107
       Headbutt          |     8 |     7 ||    15
  Use: Scroll            |       |     8 ||     8
       Potion            |       |     2 ||     2
  Eat: Chunk             |     4 |     4 ||     8
Armor: Scale mail        |    26 |    19 ||    45
Dodge: Dodged            |    24 |    15 ||    39
Block: Kite shield       |    35 |    27 ||    62
       Rpst.: Long sword |     5 |     6 ||    11
